 Dungeon Crawl Stone Soup version 0.32-a0-12-g7fc57aa741 (webtiles) character file.

Game seed: 5706557737827286132

239395 snackwell the Hand of Fortune (level 18, -5/165 (184) HPs)
             Began as a Troll Gladiator on Jan 13, 2024.
             Was the Champion of Nemelex Xobeh.
             Killed by vampiric draining
             ... invoked by a ghostly deep elf death mage
              (34 damage)
             ... on level 1 of the Elven Halls on Jan 14, 2024.
             The game lasted 02:46:28 (34944 turns).

snackwell the Hand of Fortune (Troll Gladiator)    Turns: 34944, Time: 02:46:28

HP:   -5/165 (184)  AC: 11    Str: 33      XL:     18   Next: 59%
MP:   29/29         EV: 13    Int:  3 (4)  God:    Nemelex Xobeh [******]
Gold: 3034          SH: 13    Dex: 16 (17) Spells: 15/17 levels left

rFire   + .          .
                       - Unarmed
rCold   . . .        X - +1 kite shield
rNeg    . . .        W - +2 troll leather armour
rPois   +            b - +1 hat
rElec   .            G - +2 cloak {rPois}
rCorr   .            (gloves unavailable)
SInv    .            (boots unavailable)
Will    +....        C - amulet of faith
Stlth   +            U - ring of protection from fire
HPRegen 2.07/turn    I - ring of Tyubas {Dex+6 Slay+3}
MPRegen 0.21/turn

%: faith
@: heavily drained
A: large, unfitting armour, claws 3, regeneration 1, shaggy fur 1, tough skin 1
}: 2/15 runes: barnacled, gossamer
a: Renounce Religion, Draw Escape, Draw Destruction, Draw Summoning, Draw Stack,
Triple Draw, Deal Four, Stack Five


You were on level 1 of the Elven Halls.
You worshipped Nemelex Xobeh.
Nemelex Xobeh was exalted by your worship.
You visited 8 branches of the dungeon, and saw 33 of its levels.
You also visited: Ice Cave.

You collected 3243 gold pieces.
You spent 209 gold pieces at shops.

Inventory:

Hand Weapons
 a - a +5 scimitar of flaming
   (You took it off an efreet on level 8 of the Dungeon)
Missiles
 c - 3 throwing nets
 d - 26 large rocks
 f - 42 boomerangs (quivered)
 L - 17 poisoned darts
 P - 7 curare-tipped darts
 Q - 16 javelins
 R - 3 darts of dispersal
Armour
 b - a +1 hat (worn)
 G - a +2 cloak of poison resistance (worn)
   (You found it on level 4 of the Shoals)
 W - a +2 troll leather armour (worn)
   (You found it on level 10 of the Dungeon)
 X - a +1 kite shield (worn)
   (You found it on level 10 of the Dungeon)
Jewellery
 g - a ring of resist corrosion
   (You found it on level 11 of the Dungeon)
 p - a ring of positive energy
   (You found it on level 1 of the Lair of Beasts)
 x - a ring of willpower
   (You found it on level 8 of the Dungeon)
 z - a +6 ring of dexterity
   (You found it on level 5 of the Dungeon)
 C - an amulet of faith (around neck)
   (You found it on level 5 of the Dungeon)
 I - the ring of Tyubas (right claw) {Dex+6 Slay+3}
   (You found it in an ice cave)

   [ring of dexterity]

   Dex+6:     It affects your dexterity (+6).
   Slay+3:    It affects your accuracy & damage with ranged weapons and melee
   (+3).
 U - a ring of protection from fire (left claw)
   (You found it on level 1 of the Elven Halls)
Wands
 s - a wand of roots (17)
   (You found it on level 4 of the Dungeon)
 v - a wand of charming (19)
   (You found it on level 4 of the Dungeon)
 B - a wand of flame (43)
   (You found it on level 5 of the Dungeon)
 M - a wand of digging (6)
   (You found it on level 8 of the Dungeon)
 T - a wand of light (12)
   (You found it on level 9 of the Dungeon)
 Y - a wand of polymorph (16)
   (You found it on level 10 of the Dungeon)
Scrolls
 e - 8 scrolls of teleportation
 h - 3 scrolls of silence
 k - a scroll of summoning
 m - 15 scrolls of identify
 n - 7 scrolls of revelation
 y - 3 scrolls of blinking
 E - 3 scrolls of poison
 J - a scroll of fear
 K - a scroll of fog
Potions
 i - 3 potions of resistance
 j - 3 potions of haste
 l - 2 potions of curing
 o - 4 potions of berserk rage
 q - 7 potions of enlightenment
 r - 8 potions of might
 t - 8 potions of brilliance
 u - 7 potions of lignification
 w - 5 potions of heal wounds
 A - 2 potions of attraction
 D - 2 potions of magic
 F - 3 potions of invisibility
 N - a potion of ambrosia
Miscellaneous
 H - a phial of floods
   (You found it on level 4 of the Shoals)
 O - a tin of tremorstones (2/2)
   (You found it on level 4 of the Shoals)
 S - a phantom mirror
   (You found it on level 4 of the Spider Nest)


   Skills:
 + Level 12.6 Fighting
 - Level 7.2 Long Blades
 - Level 10.0 Throwing
 - Level 1.2 Armour
 - Level 8.5 Dodging
 + Level 12.1 Shields
 - Level 14.1 Unarmed Combat
 + Level 16.9 Invocations
 + Level 5.2 Evocations


You had 15 spell levels left.
You knew the following spells:

 Your Spells              Type           Power      Damage    Failure   Level
a - Blink                 Tloc           0%         N/A       83%         2

Your spell library contained the following spells:

 Spells                   Type           Power      Damage    Failure   Level
 Apportation              Tloc           0%         N/A       69%         1
 Foxfire                  Conj/Fire      0%         2x1d4     69%         1
 Freeze                   Ice            0%         1d3       69%         1
 Magic Dart               Conj           0%         1d3       69%         1
 Necrotise                Necr           0%         1d4       69%         1
 Sting                    Conj/Alch      0%         1d3       69%         1
 Summon Small Mammal      Summ           0%         N/A       69%         1
 Call Imp                 Summ           0%         N/A       83%         2
 Jinxbite                 Hex            0%         N/A       83%         2
 Lesser Beckoning         Tloc           0%         N/A       83%         2
 Momentum Strike          Conj/Tloc      0%         3d8       83%         2
 Scorch                   Fire           0%         2d5       83%         2
 Static Discharge         Conj/Air       0%         3-3/arc   83%         2
 Call Canine Familiar     Summ           0%         N/A       96%         3
 Dazzling Flash           Conj/Hex       0%         N/A       96%         3
 Frozen Ramparts          Ice            0%         1d1       96%         3
 Gell's Gravitas          Tloc           0%         N/A       96%         3
 Hailstorm                Conj/Ice       0%         3d5       96%         3
 Mephitic Cloud           Conj/Alch/Air  0%         N/A       96%         3
 Sigil of Binding         Hex            0%         N/A       96%         3
 Teleport Other           Tloc           0%         N/A       96%         3
 Airstrike                Air            0%         2d(0-16)  100%        4
 Anguish                  Hex/Necr       0%         N/A       100%        4
 Animate Armour           Summ/Erth      0%         N/A       100%        4
 Brom's Barrelling Bould  Conj/Erth      0%         2d3       100%        4
 Cause Fear               Hex            0%         N/A       100%        4
 Dimensional Bullseye     Hex/Tloc       0%         N/A       100%        4
 Flame Wave               Conj/Fire      0%         2d4       100%        4
 Summon Lightning Spire   Summ/Air       0%         N/A       100%        4
 Curse of Agony           Necr           0%         N/A       100%        5
 Fireball                 Conj/Fire      0%         3d3       100%        5
 Iskenderun's Battlesphe  Conj           0%         2d6       100%        5
 Lee's Rapid Deconstruct  Erth           0%         3d4*      100%        5
 Silence                  Hex/Air        0%         N/A       100%        5
 Yara's Violent Unravell  Hex/Alch       0%         3d3       100%        5
 Conjure Ball Lightning   Conj/Air       0%         3x3d6     100%        6
 Plasma Beam              Fire/Air       0%         2x1d10    100%        6
 Starburst                Conj/Fire      0%         6d3       100%        6
 Summon Cactus Giant      Summ           0%         N/A       100%        6
 Enfeeble                 Hex            0%         N/A       100%        7
 Orb of Destruction       Conj           0%         9d5       100%        7


Dungeon Overview and Level Annotations

Branches:
Dungeon (15/15) Zot: 25441  Temple (1/1) D:4 Zot: 5969    Lair (5/5) D:11 Zot: 23528
 Shoals (4/4) Lair:2 Zot: 19479  Spider (4/4) Lair:2 Zot: 18687   Slime (1/5) Lair:4 Zot: 5998
    Orc (2/2) D:9 Zot: 9118     Elf (1/3) Orc:2 Zot: 5538  Vaults (0/5) D:14
 Depths (0/4) D:15          IceCv (visited)

Altars:
Ashenzari
Cheibriados
Dithmenos
Elyvilon
Fedhas
Gozag
Hepliaklqana
Kikubaaqudgha
Makhleb
Nemelex Xobeh
Okawaru
Qazlal
Ru
Sif Muna
Trog
Uskayaw
Vehumet
Wu Jian
Xom
Yredelemnul
Zin
The Shining One
Jiyva

Shops:
D:8 =   Orc:2 !:!(   Elf:1 [

Portals:
Trove: D:11 (give +3 storm dragon scales)

Annotations:
D:8 1 runed translucent door, runemasterragnar's ghost, novice DrSh


Innate Abilities, Weirdness & Mutations

You are too large for most types of armour.
You have claws for hands.
Your natural rate of healing is unusually fast.
You are covered in fur. (AC +1)
You have tough skin. (AC +1)


Message History

Unknown command.
Unknown command.
Unknown command.
You mangle the necromancer!!
You kill the necromancer!
The lost soul fades away!
You mangle the ghostly deep elf death mage!!
The ghostly deep elf death mage is heavily damaged.
You block the ghostly deep elf death mage's attack.
You claw the ghostly deep elf death mage!
The ghostly deep elf death mage is heavily damaged.
You claw the ghostly deep elf death mage!
The ghostly deep elf death mage is almost destroyed.
The ghostly deep elf death mage beckons forth restless souls!
You barely miss the ghostly deep elf death mage.
The ghostly deep elf death mage is severely damaged.
The ghostly deep elf death mage hits you with a +0 rapier!
* * * LOW HITPOINT WARNING * * *
Unknown command.
Unknown command.
Unknown command.
You closely miss the ghostly deep elf death mage.
The ghostly deep elf death mage is severely damaged.
The lost soul fades away!
The ghostly deep elf death mage draws life force from you!
* * * LOW HITPOINT WARNING * * *
The ghostly deep elf death mage is healed by the life force!
Unknown command.
Unknown command.
You claw the ghostly deep elf death mage!
The ghostly deep elf death mage is severely damaged.
The ghostly deep elf death mage hits you with a +0 rapier.
* * * LOW HITPOINT WARNING * * *
Unknown command.
Unknown command.
Unknown command.
You barely miss the ghostly deep elf death mage.
The ghostly deep elf death mage is severely damaged.
You closely miss the ghostly deep elf death mage.
The ghostly deep elf death mage is severely damaged.
The ghostly deep elf death mage gestures at you while chanting.
The bolt of negative energy hits you!!!
You feel drained.
* * * LOW HITPOINT WARNING * * *
Unknown command.
Unknown command.
Unknown command.
You feel much better.
The ghostly deep elf death mage draws life force from you!!
You die...
Your body glows with a rainbow of weird colours and disappears.

##........#.## #.# #.#
#....###.### #.# #.# #.#.##
#.# #+# #.#### #.#.####.#
######### #.##.. #.#...##.#
#:eZ#e..# #.##.# #.###.##.#
#.p.p...###.....
#.##...#*#######.....###...
#.#.......'#.*.......+..[..
#........#@e†*.......#.....
#####.########.....⌠.####..
#.# ##......# #... #.#
######## #... #.# #... ..#
..[. ## ##.#.


You could see a ghostly deep elf death mage and 3 lost souls.

Vanquished Creatures
  Saint Roka (Orc:2)
  A kraken (Shoals:1)
  Kirke (D:15)
  Ilsuiw (Shoals:2)
  2 emperor scorpions (Spider:4)
  5 ghost moths
  2 orc warlords (Orc:2)
  2 broodmothers
  A formless jellyfish (Shoals:4)
  A bunyip (Lair:3)
  Azrael (Orc:2)
  2 spark wasps
  An ettin (Orc:2)
  A dire elephant (Spider:1)
  2 merfolk javelineers
  Josephine (Lair:5)
  4 merfolk impalers
  A fire dragon (D:15)
  3 entropy weavers
  2 vault guards (D:14)
  A rakshasa (D:15)
  An ogre mage (D:15)
  7 hydras
  2 radroaches
  A jorogumo (Spider:3)
  5 merfolk avatars
  5 centaur warriors
  A death knight (D:13)
  5 merfolk aquamancers (Shoals:4)
  A satyr (Shoals:4)
  11 two-headed ogres
  6 boulder beetles
  4 demonic crawlers
  4 death yaks
  2 dancing weapons (Elf:1)
  A tengu warrior (D:15)
  3 orc high priests (Orc:2)
  2 deep elf knights
  A fire crab (shapeshifter) (D:13)
  18 sea snakes
  7 skysharks
  Amaemon (Lair:2)
  7 pharaoh ants
  An arcanist (D:14)
  7 orb spiders
  A large abomination (Elf:1)
  3 sun moths
  10 steelbarb worms
  4 necromancers
  15 harpies
  A deep elf archer (Elf:1)
  3 orc knights (Orc:2)
  7 orc sorcerers (Orc:2)
  6 cyclopes
  4 deep elf pyromancers
  6 ugly things
  4 deep elf zephyrmancers (Elf:1)
  22 wolf spiders
  11 manticores
  A meliai (Shoals:2)
  2 moths of wrath
  A faun (Shoals:1)
  7 water nymphs
  4 kobold blastminers (Orc:2)
  4 black mambas
  10 merfolk sirens
  22 cane toads
  2 guardian serpents
  An eye of devastation (Shoals:2)
  6 torpor snails
  3 unseen horrors
  An orange demon (Lair:2)
  A kobold demonologist (D:11)
  A komodo dragon (shapeshifter) (D:13)
  An efreet (D:8)
  4 komodo dragons
  3 yaktaurs (D:15)
  3 freezing wraiths
  2 tengu conjurers (D:15)
  25 merfolk
  10 trolls
  3 tyrant leeches (Lair:5)
  A polar bear (shapeshifter) (Elf:1)
  A polar bear (Lair:4)
  24 tarantellas
  Prince Ribbit (D:9)
  A raiju (Spider:1)
  8 wind drakes
  A hornet (D:10)
  21 blink frogs
  A dream sheep (IceCv)
  A glass eye (D:15)
  10 snapping turtles
  A shadow (D:12)
  17 slime creatures
  3 vampires
  19 culicivoras
  An air elemental (Elf:1)
  9 water elementals
  25 jumping spiders
  9 wyverns
  9 wraiths
  4 basilisks
  4 fire elementals
  49 yaks
  17 humans (D:14)
  7 wargs (Orc:2)
  A golden eye (Shoals:2)
  54 redbacks
  18 vampire mosquitoes
  5 hogs (D:15)
  Menkaure (D:4)
  5 steam dragons
  A swamp worm (shapeshifter) (D:15)
  An acid dragon (D:11)
  14 water moccasins
  4 great orb of eyes simulacra (IceCv)
  2 hell hounds (Orc:2)
  4 ice beasts
  49 orc warriors
  A black bear (D:8)
  2 sky beasts
  17 ogres
  5 wolves (Lair:4)
  11 centaurs
  2 phantoms (D:6)
  3 slime creature simulacra (IceCv)
  An elf zombie (Elf:1)
  3 kobold brigands
  2 glowing shapeshifter simulacra (IceCv)
  An earth elemental (Elf:1)
  3 gnoll sergeants
  25 bullfrogs
  6 scorpions
  A wight (D:8)
  13 killer bees
  6 howler monkeys
  3 electric eels
  3 bombardier beetles
  A hound (D:4)
  2 lava snakes (Lair:1)
  2 gnoll boudas
  2 jellies
  33 orc priests
  4 iguanas
  4 sleepcaps
  A hell rat (Orc:2)
  35 orc wizards
  4 shapeshifter simulacra (IceCv)
  3 adders
  15 gnolls
  2 white imps
  4 ufetubi (D:6)
  3 dart slugs
  2 ribbon worms (D:2)
  123 orcs
  6 ball pythons
  9 endoplasms
  7 giant cockroaches
  10 goblins
  7 hobgoblins
  16 jackals
  4 quokkas
  5 bats
  4 frilled lizards
  12 kobolds
  13 rats
  3 tentacles (Shoals:1)
1200 creatures vanquished.

Vanquished Creatures (collateral kills)
  Arachne (Spider:3)
  Mlioglotl (Lair:2)
  An azure jelly (IceCv)
  An emperor scorpion (Spider:3)
  A broodmother (Spider:3)
  A quicksilver ooze (IceCv)
  A dire elephant (Spider:1)
  2 merfolk impalers (Shoals:4)
  An entropy weaver (Spider:4)
  A merfolk aquamancer (Shoals:4)
  A deep troll earth mage (D:15)
  An orb spider (Spider:1)
  A deep elf archer (Spider:1)
  A wolf spider (Spider:1)
  A manticore (Shoals:4)
  2 ice statues (IceCv)
  A merfolk siren (Shoals:4)
  An apocalypse crab (D:8)
  3 merfolk (Shoals:4)
  A troll (shapeshifter) (D:15)
  A centaur simulacrum (D:15)
  6 slime creatures (IceCv)
  3 yaks
  2 redbacks (Spider:1)
  A great orb of eyes simulacrum (IceCv)
  An orc warrior (Orc:2)
  An ogre (Orc:2)
  3 glowing shapeshifter simulacra (IceCv)
  An orc priest (Orc:2)
  2 shapeshifter simulacra (IceCv)
45 creatures vanquished.

Vanquished Creatures (others)
  A kobold blastminer (Orc:2)
  A dart slug (Orc:2)
  An orc (Orc:2)
  5 tentacles (Shoals:1)
8 creatures vanquished.

Grand Total: 1253 creatures vanquished

Notes
Turn   | Place    | Note
-------+----------+-------------------------------------------
     0 | D:1      | snackwell the Troll Gladiator began the quest for the Orb.
     0 | D:1      | Reached XP level 1. HP: 19/19 MP: 0/0
    88 | D:1      | Reached XP level 2. HP: 23/28 MP: 1/1
   554 | D:1      | Reached XP level 3. HP: 35/35 MP: 2/2
   971 | D:2      | Reached XP level 4. HP: 44/44 MP: 3/3
  1325 | D:3      | You fall into a shaft and drop 2 floors!
  1325 | D:5      | Entered Level 5 of the Dungeon
  1526 | D:4      | Noticed a scorpion
  1536 | D:4      | Killed a scorpion
  1537 | D:4      | Reached skill level 5 in Unarmed Combat
  1537 | D:4      | Reached XP level 5. HP: 52/52 MP: 2/4
  1614 | D:4      | Noticed Menkaure
  1641 | D:4      | Killed Menkaure
  1642 | D:4      | Reached XP level 6. HP: 61/61 MP: 3/5
  2351 | D:4      | Found a transporter.
  2393 | D:4      | Reached XP level 7. HP: 68/68 MP: 6/6
  2478 | D:4      | Found a transporter.
  2523 | D:4      | Found a staircase to the Ecumenical Temple.
  2558 | Temple   | Entered the Ecumenical Temple
  2574 | Temple   | Became a worshipper of Nemelex Xobeh the Trickster
  3174 | D:5      | Reached skill level 1 in Invocations
  3266 | D:5      | Reached skill level 2 in Invocations
  3294 | D:5      | Reached * piety under Nemelex Xobeh
  3360 | D:5      | Found a shimmering blue altar of Sif Muna.
  3542 | D:5      | Reached XP level 8. HP: 48/79 MP: 8/8
  3658 | D:6      | Received a gift from Nemelex Xobeh
  3681 | D:6      | Reached skill level 3 in Invocations
  3800 | D:6      | Reached skill level 5 in Fighting
  3800 | D:6      | Reached skill level 4 in Invocations
  4084 | D:6      | Reached XP level 9. HP: 19/88 MP: 11/11
  4086 | D:6      | Reached skill level 5 in Invocations
  4449 | D:7      | Noticed a two-headed ogre
  4467 | D:7      | a two-headed ogre changed into a harpy
  4467 | D:7      | Noticed a harpy
  4474 | D:7      | Killed a harpy
  4582 | D:7      | Reached skill level 6 in Invocations
  4782 | D:7      | Reached ** piety under Nemelex Xobeh
  5086 | D:8      | Received a gift from Nemelex Xobeh
  5092 | D:8      | Noticed runemasterragnar's ghost (novice DrSh)
  5095 | D:8      | Found a runed translucent door.
  5289 | D:8      | Reached XP level 10. HP: 91/100 MP: 13/13
  5348 | D:8      | Reached skill level 10 in Unarmed Combat
  5373 | D:8      | Reached skill level 7 in Invocations
  5471 | D:8      | Reached skill level 1 in Long Blades
  5501 | D:8      | Noticed a two-headed ogre
  5518 | D:8      | Killed a two-headed ogre
  5580 | D:8      | Noticed a four-headed hydra
  5580 | D:8      | Noticed a centaur warrior
  5580 | D:8      | Noticed a cyclops
  5580 | D:8      | Noticed a cyclops
  5643 | D:8      | Killed a centaur warrior
  5668 | D:8      | Killed a one-headed hydra
  5712 | D:8      | Killed a cyclops
  5713 | D:8      | Reached skill level 8 in Invocations
  5713 | D:8      | Reached XP level 11. HP: 83/111 MP: 14/16
  5713 | D:8      | Identified the +0 halberd of Articulation {drain, rN+}
  5713 | D:8      | Noticed a centaur warrior
  5718 | D:8      | Killed a centaur warrior
  5726 | D:8      | Noticed a rakshasa
  5958 | D:8      | Found Qesaang's Jewellery Shoppe.
  6373 | D:8      | Identified the +4 longbow of Ysimouff {flame, rC++ Int-3}
  6375 | D:8      | Identified the +4 longbow of Ysimouff {flame, rC++ Int-3}
  6591 | D:8      | a rakshasa changed into an apocalypse crab
  6591 | D:8      | a rakshasa changed into an apocalypse crab
  6591 | D:8      | a rakshasa changed into an orange demon
  6685 | D:8      | Identified the staff of the Candelabrum {rPois Dex+5
                  | Alchemy}
  6699 | D:8      | Identified the +2 pair of boots "Hotidu" {Dex+8 Stlth+}
  6909 | D:9      | Noticed a two-headed ogre
  6921 | D:9      | Killed a two-headed ogre
  6979 | D:9      | Reached *** piety under Nemelex Xobeh
  6979 | D:9      | Found a staircase to the Orcish Mines.
  7585 | D:9      | Noticed Prince Ribbit
  7594 | D:9      | Killed Prince Ribbit
  8048 | D:10     | Entered Level 10 of the Dungeon
  8082 | D:10     | Reached **** piety under Nemelex Xobeh
  8126 | D:10     | Received a gift from Nemelex Xobeh
  8403 | D:10     | Reached skill level 9 in Invocations
  8593 | D:10     | Received a gift from Nemelex Xobeh
  8619 | D:10     | Reached skill level 1 in Shields
  8862 | D:11     | Noticed a centaur warrior
  8869 | D:11     | Killed a centaur warrior
  8870 | D:11     | Reached skill level 5 in Long Blades
  8921 | D:11     | Found a portal to a secret trove of treasure.
  9319 | D:11     | Reached XP level 12. HP: 114/122 MP: 18/18
  9597 | D:11     | Found a staircase to the Lair.
  9815 | Lair:1   | Entered Level 1 of the Lair of Beasts
  9815 | Lair:1   | Received a gift from Nemelex Xobeh
 10093 | Lair:1   | You fall into a shaft and drop 1 floor!
 10095 | Lair:2   | Received a gift from Nemelex Xobeh
 10110 | Lair:2   | Reached skill level 10 in Invocations
 10266 | Lair:1   | Found a burning altar of Makhleb.
 10284 | Lair:1   | Reached ***** piety under Nemelex Xobeh
 10510 | Lair:1   | Noticed a death yak
 10535 | Lair:1   | Killed a death yak
 10536 | Lair:1   | Reached skill level 5 in Shields
 11060 | Lair:2   | Received a gift from Nemelex Xobeh
 11087 | Lair:2   | Noticed Amaemon
 11101 | Lair:2   | Killed Amaemon
 11276 | Lair:2   | Noticed Sonja
 11277 | Lair:2   | Sonja changed into Sonja the basilisk
 11277 | Lair:2   | Noticed Sonja
 11302 | Lair:2   | Killed Sonja the basilisk
 11425 | Lair:2   | Found a hole to the Spider Nest.
 11491 | Lair:2   | Received a gift from Nemelex Xobeh
 11585 | Lair:2   | Identified the +3 leather armour of Lust {Rampage rCorr
                  | Dex-3}
 11624 | Lair:2   | Found a staircase to the Shoals.
 11970 | Lair:3   | Reached skill level 1 in Armour
 12110 | Lair:3   | Noticed a six-headed hydra
 12123 | Lair:3   | Killed a two-headed hydra
 12124 | Lair:3   | Reached XP level 13. HP: 46/131 MP: 20/20
 12133 | Lair:3   | Noticed Rupert
 12335 | Lair:4   | Found a viscous altar of Jiyva.
 12336 | Lair:4   | Found a staircase to the Slime Pits.
 12379 | Lair:4   | Reached skill level 11 in Invocations
 12427 | Lair:4   | Found a frozen archway.
 12436 | IceCv    | Entered an ice cave
 12871 | IceCv    | Received a gift from Nemelex Xobeh
 13184 | IceCv    | Noticed a quicksilver ooze
 13188 | IceCv    | Killed a quicksilver ooze
 13212 | IceCv    | Found a viscous altar of Jiyva.
 13212 | IceCv    | Noticed an azure jelly
 13218 | IceCv    | an azure jelly changed into a brown ugly thing
 13219 | IceCv    | Noticed an azure jelly
 13226 | IceCv    | HP: 6/131 [red ugly thing (15)]
 13338 | IceCv    | Killed an azure jelly
 13394 | IceCv    | Identified the ring of Tyubas {Dex+6 Slay+3}
 14304 | Lair:3   | Received a gift from Nemelex Xobeh
 14492 | Lair:3   | Rupert changed into Rupert the bunyip
 14492 | Lair:3   | Noticed Rupert
 14498 | Lair:3   | Killed Rupert the bunyip
 14528 | Lair:3   | Reached skill level 10 in Fighting
 14554 | Lair:3   | Reached ****** piety under Nemelex Xobeh
 14561 | Lair:3   | Received a gift from Nemelex Xobeh
 14879 | Lair:3   | Reached skill level 12 in Invocations
 15044 | Slime:1  | Entered Level 1 of the Pits of Slime
 15059 | Lair:5   | Entered Level 5 of the Lair of Beasts
 15123 | Lair:5   | Received a gift from Nemelex Xobeh
 15215 | Lair:5   | Received a gift from Nemelex Xobeh
 15282 | Lair:5   | Reached XP level 14. HP: 131/143 MP: 22/22
 15649 | Lair:5   | Noticed Josephine
 15877 | Lair:5   | Received a gift from Nemelex Xobeh
 16382 | Lair:5   | Killed Josephine
 16550 | Lair:1   | Upgraded the game from 0.32-a0-7-ge934b4519a to
                  | 0.32-a0-12-g7fc57aa741
 16686 | Orc:1    | Entered Level 1 of the Orcish Mines
 16789 | Orc:1    | Received a gift from Nemelex Xobeh
 17005 | Orc:2    | Entered Level 2 of the Orcish Mines
 18080 | Orc:2    | Found Warphin's Distillery.
 18090 | Orc:2    | Found Qyrhus's Weapon Shop.
 18416 | Orc:2    | Noticed an orc warlord
 18423 | Orc:2    | Killed an orc warlord
 18429 | Orc:2    | Reached skill level 13 in Invocations
 18430 | Orc:2    | Identified the +0 robe of Cinocoet {Int+4}
 18529 | Orc:2    | Received a gift from Nemelex Xobeh
 18556 | Orc:2    | Noticed an orc warlord
 18567 | Orc:2    | Killed an orc warlord
 18598 | Orc:2    | Noticed Saint Roka
 18599 | Orc:2    | Noticed Azrael
 18601 | Orc:2    | Reached XP level 15. HP: 68/154 MP: 23/23
 18746 | Orc:2    | Killed Azrael
 18771 | Orc:2    | Killed Saint Roka
 18980 | Orc:2    | Reached skill level 10 in Shields
 19028 | Orc:2    | Found Xeupnoopp's Book Emporium.
 19057 | Orc:2    | Found Douggemawn's Distillery.
 19282 | Orc:2    | Found a staircase to the Elven Halls.
 19382 | Orc:2    | Bought a potion of heal wounds for 55 gold pieces
 19382 | Orc:2    | Bought a potion of haste for 110 gold pieces
 19382 | Orc:2    | Bought a potion of might for 44 gold pieces
 19385 | Orc:2    | Learned a level 2 spell: Blink
 19754 | D:12     | Received a gift from Nemelex Xobeh
 20039 | D:12     | Received a gift from Nemelex Xobeh
 21046 | D:14     | Received a gift from Nemelex Xobeh
 21717 | D:14     | Found a gate to the Vaults.
 21877 | D:15     | Entered Level 15 of the Dungeon
 21980 | D:15     | Noticed Kirke
 21994 | D:15     | Killed Kirke
 22112 | D:15     | Reached skill level 14 in Invocations
 22187 | D:15     | Received a gift from Nemelex Xobeh
 22315 | D:15     | Reached skill level 5 in Throwing
 22722 | D:15     | Reached XP level 16. HP: 161/163 MP: 25/25
 22872 | D:15     | Found a staircase to the Depths.
 22945 | D:15     | Received a gift from Nemelex Xobeh
 23142 | Shoals:1 | Entered Level 1 of the Shoals
 23142 | Shoals:1 | Noticed Mlioglotl
 23151 | Lair:2   | Killed Mlioglotl
 23668 | Shoals:1 | HP: 8/163 [poisoned by a sea snake]
 23779 | Shoals:1 | Received a gift from Nemelex Xobeh
 23892 | Shoals:1 | Noticed a kraken
 23908 | Shoals:1 | Killed a kraken
 24440 | Shoals:1 | Received a gift from Nemelex Xobeh
 25153 | Shoals:2 | Reached skill level 15 in Invocations
 25465 | Shoals:2 | Reached skill level 5 in Dodging
 25523 | Shoals:2 | Noticed Ilsuiw
 25534 | Shoals:2 | Killed Ilsuiw
 25789 | Shoals:2 | Received a gift from Nemelex Xobeh
 26028 | Shoals:3 | Received a gift from Nemelex Xobeh
 26756 | Shoals:4 | Entered Level 4 of the Shoals
 26872 | Shoals:4 | Received a gift from Nemelex Xobeh
 27022 | Shoals:4 | Reached XP level 17. HP: 170/170 MP: 27/27
 27174 | Shoals:4 | Paralysed by a formless jellyfish for 1 turns
 27326 | Shoals:4 | Received a gift from Nemelex Xobeh
 27568 | Shoals:4 | Got a barnacled rune of Zot
 28176 | Spider:1 | Entered Level 1 of the Spider Nest
 28386 | Spider:1 | Reached skill level 1 in Evocations
 28514 | Spider:1 | Reached skill level 16 in Invocations
 29477 | Spider:2 | Reached skill level 10 in Throwing
 29955 | Spider:2 | Received a gift from Nemelex Xobeh
 30760 | Spider:3 | Received a gift from Nemelex Xobeh
 31195 | Spider:3 | Reached XP level 18. HP: 162/182 MP: 29/29
 31605 | Spider:3 | Noticed Arachne
 31619 | Spider:3 | Killed Arachne
 32220 | Spider:4 | Entered Level 4 of the Spider Nest
 32683 | Spider:4 | Received a gift from Nemelex Xobeh
 33828 | Spider:4 | Got a gossamer rune of Zot
 33893 | Spider:4 | Reached skill level 5 in Evocations
 34434 | Elf:1    | Entered Level 1 of the Elven Halls
 34622 | Elf:1    | Received a gift from Nemelex Xobeh
 34720 | Elf:1    | Found Feugoan's Antique Armour Shoppe.
 34943 | Elf:1    | HP: 3/165 [ghostly deep elf death mage/bolt of negative
                  | energy (47)]
 34944 | Elf:1    | Killed from afar by a ghostly deep elf death mage

Illustrated notes

Levels and vault maps discovered:
D:1:      lightli_arrival_isolated_outpost, layout_rooms, serial_bayou,
          serial_bayou_ford_a, serial_bayou_pond_d, serial_bayou_shore_a,
          serial_bayou_lake_a, serial_bayou_lagoon_a, minmay_misc_feat_room,
          wad_floor_pattern_1
D:2:      layout_basic
D:3:      layout_basic
D:4:      gammafunk_wand_slinger, layout_rooms, minmay_temple_entry_sparse_star,
          uniq_menkaure
D:5:      layout_basic, led_sif_pool
D:6:      minmay_chambers_of_threes, layout_rooms
D:7:      layout_cave_pools
D:8:      minmay_the_grid_triangle_9x9_rhombus_full
          [minmay_the_grid_triangle_9x9_sparse_checkered,
          minmay_the_grid_triangle_9x9_flanged_cone,
          minmay_the_grid_triangle_9x9_longest,
          minmay_the_grid_triangle_9x9_thin_v,
          minmay_the_grid_triangle_9x9_intruding_spiral,
          minmay_the_grid_triangle_9x9_warning,
          minmay_the_grid_triangle_9x9_cache,
          minmay_the_grid_triangle_9x9_prize_schism], layout_gridville,
          serial_shops, kennysheep_mini, hellmonk_ghost_happy_afterlife,
          nicolae_tricolors
D:9:      layout_stronghold, david_orc_5, uniq_prince_ribbit1
D:10:     layout_long_grid
D:11:     layout_long_grid, lair_entry_dummy, trove_entry_hex_spiral
D:12:     layout_basic
D:13:     layout_cross
D:14:     layout_rooms, grunt_vaults_entry_tiered, minmay_door_square
D:15:     hellmonk_depths_entry_around_the_bend, layout_loops_corners,
          minmay_misc_feat_tower, nrook_guardian_serpent_double, uniq_kirke
Temple:   mainiacjoe_temple_hex_bubbles
Lair:1:   layout_gridlike, basic_altar
Lair:2:   layout_regular_city, mainiacjoe_shoals_entry_four_pools,
          spider_nest_entry_rubble, uniq_sonja, uniq_amaemon
Lair:3:   layout_loops_ring, uniq_rupert
Lair:4:   layout_cave_pods, slime_entry_1, portal_ice_cave_entry_pillars_1
Lair:5:   minmay_lair_end_frog_pond, layout_gridlike, uniq_josephine
Shoals:1: layout_shoals, nicolae_shoals_kraken_intersection, uniq_mlioglotl
Shoals:2: layout_shoals, nicolae_shoals_wave_tunnel, uniq_ilsuiw
Shoals:3: layout_shoals, nicolae_shoals_arrival_archipelago
Shoals:4: shoals_end_hangedman, layout_shoals
Spider:1: layout_spider_delve, beargit_elvish_explorers
Spider:2: nicolae_spider_hilbert_zone_6 [nicolae_spider_hilbert_4_sides_1_open,
          nicolae_spider_hilbert_4_sides_1_open,
          nicolae_spider_hilbert_4_sides_1_open,
          nicolae_spider_hilbert_4_sides_1_open,
          nicolae_spider_hilbert_4_sides_1_open,
          nicolae_spider_hilbert_4_sides_1_open,
          nicolae_spider_hilbert_4_sides_1_open]
Spider:3: layout_cave_pods, hangedman_spider_tarantella_strand, uniq_arachne
Spider:4: guppyfry_spider_rune
Slime:1:  layout_caves
Orc:1:    layout_diamond_mine
Orc:2:    pubby_orc_utopia, uniq_saint_roka, uniq_azrael
Elf:1:    eino_elf_arrival_customs, layout_loops_corners, serial_shops, shop,
          nicolae_shop_behind_doors, nicolae_shop_pleasant_corner_grove,
          nicolae_shop_pleasant_corner_grove, minmay_elf_necromancy

Skill      XL: |  1  2  3  4  5  6  7  8  9 10 11 12 13 14 15 16 17 18 |
---------------+-------------------------------------------------------+-----
Fighting       | 2 3 4 5 6 8 9 10 11 12 | 12.6
Unarmed Combat | 4 5 6 7 8 9 10 11 12 13 14 | 14.1
Invocations    | 2 4 6 8 9 10 12 13 14 15 16 | 16.9
Long Blades    | 3 5 7 |  7.2
Shields        | 2 6 8 9 11 12 | 12.1
Armour         | 1 |  1.2
Throwing       | 5 8 10 | 10.0
Dodging        | 5 8 |  8.5
Evocations     | 3 5 |  5.2

Action                     |  1- 3 |  4- 6 |  7- 9 | 10-12 | 13-15 | 16-18 || total
---------------------------+-------+-------+-------+-------+-------+-------++-------
  Melee: Unarmed           |   130 |   107 |   269 |   551 |  1194 |  1245 ||  3496
         Punch             |     1 |     2 |    11 |    36 |       |       ||    50
         Scimitar          |       |       |       |    11 |    23 |       ||    34
  Throw: Large rock        |       |     1 |       |     2 |     2 |     8 ||    13
         Throwing net      |       |       |     1 |       |       |     8 ||     9
         Boomerang         |       |       |       |    39 |   213 |   291 ||   543
         Javelin           |       |       |       |     3 |       |     6 ||     9
         Dart              |       |       |       |       |     1 |   212 ||   213
 Invoke: Draw Destruction  |       |       |     4 |    10 |    22 |    13 ||    49
         Draw Summoning    |       |       |       |     5 |     8 |    11 ||    24
         Draw Escape       |       |       |       |     1 |     2 |     2 ||     5
         Deal Four         |       |       |       |     1 |     1 |     3 ||     5
         Stack Five        |       |       |       |       |     1 |     1 ||     2
         Draw Stack        |       |       |       |       |     3 |     4 ||     7
         Triple Draw       |       |       |       |       |       |     1 ||     1
  Evoke: Wand              |       |       |     3 |     9 |     8 |    18 ||    38
    Use: Scroll            |       |       |    24 |     7 |    11 |     7 ||    49
         Potion            |       |       |     1 |     4 |     3 |    11 ||    19
   Stab: Sleeping          |       |     1 |       |     3 |    11 |     2 ||    17
         Invisible         |       |       |       |       |     1 |       ||     1
         Distracted        |       |       |       |       |     5 |     2 ||     7
 Armour: Robe              |    78 |    45 |   112 |       |       |       ||   235
         Steam dragon scal |       |       |    98 |   225 |       |       ||   323
         Troll leather arm |       |       |       |   248 |   645 |   863 ||  1756
         Skin              |       |       |       |       |     2 |       ||     2
  Dodge: Dodged            |    65 |    48 |   125 |   263 |   315 |   438 ||  1254
  Block: Kite shield       |       |       |       |    24 |   709 |   843 ||  1576

Table legend: (Time is in decaauts)
 A = Elapsed time spent in this place.
 B = Non-inter-level travel time spent in this place.
 C = Inter-level travel time spent in this place.
 D = Time resting spent in this place.
 E = Time spent auto-exploring this place.
 F = Levels seen in this place.
 G = Mean time per level.
                   A        B        C        D        E       F      G
               +--------+--------+--------+--------+--------+-----+--------+
         Total |  34502 |  31870 |   2632 |   3538 |  17513 |  34 | 1014.8 |
       Dungeon |  13775 |  12651 |   1124 |   1018 |   8100 |  15 |  918.3 |
        Temple |     30 |      2 |     28 |      0 |      0 |   1 |   30.0 |
          Lair |   6471 |   5713 |    758 |    556 |   3425 |   5 | 1294.2 |
        Shoals |   4520 |   4300 |    220 |    801 |   1476 |   4 | 1130.0 |
   Spider Nest |   5312 |   5152 |    160 |    833 |   2609 |   4 | 1328.0 |
    Slime Pits |      1 |      1 |      0 |      0 |      0 |   1 |    1.0 |
  Orcish Mines |   2881 |   2541 |    340 |     63 |   1508 |   2 | 1440.5 |
   Elven Halls |    460 |    460 |      0 |     15 |    263 |   1 |  460.0 |
      Ice Cave |   1047 |   1047 |      0 |    250 |    132 |   1 | 1047.0 |
               +--------+--------+--------+--------+--------+-----+--------+

Top non-repeatable levels by time:
   Orc:2: 2134 daAuts
     D:8: 1863 daAuts
Spider:3: 1802 daAuts
  Lair:2: 1752 daAuts
Spider:4: 1631 daAuts
     D:9: 1413 daAuts
  Lair:5: 1399 daAuts
Shoals:1: 1247 daAuts
Shoals:2: 1181 daAuts
  Lair:1: 1179 daAuts
Shoals:4: 1143 daAuts
Spider:2: 1133 daAuts
    D:15: 1127 daAuts
    D:11: 1126 daAuts
  Lair:4: 1125 daAuts
